 Dungeon Crawl Stone Soup version 0.19-a0-1482-ga9fd55e (webtiles) character file.

382 Lasiace the Skirmisher (level 6, -9/40 HPs)
             Began as a Tengu Air Elementalist on Sept 7, 2016.
             Killed by nerve-wracking pain
             ... invoked by Menkaure
              (13 damage)
             ... on level 5 of the Dungeon.
             The game lasted 00:15:12 (3685 turns).

Lasiace the Skirmisher (Tengu Air Elementalist)     Turns: 3685, Time: 00:15:12

Health: -9/40      AC:  2    Str:  9    XL:     6   Next: 76%
Magic:  2/10       EV: 17    Int: 17    God:
Gold:   256        SH:  0    Dex: 14    Spells: 3 memorised, 3 levels left

rFire  . . .     SeeInvis .     s - +0 dagger
rCold  + . .     Gourm    .     b - +0 robe
rNeg   . . .     Faith    .     (no shield)
rPois  .         Spirit   .     (helmet restricted)
rElec  .         Dismiss  .     (no cloak)
rCorr  .         Reflect  .     (no gloves)
MR     +....     Harm     .     (boots unavailable)
Stlth  ++........               (no amulet)
                                U - ring of protection from magic
                                I - ring of protection from cold

@: flying quickly and evasively, repel missiles, quick
A: beak, talons 3, able to fly 1
a: no special abilities


You were on level 5 of the Dungeon.
You were hungry.

You visited 1 branch of the dungeon, and saw 5 of its levels.

You collected 256 gold pieces.

Inventory:

Hand Weapons
 a - a +0 mace of crushing
 s - a +0 dagger (weapon)
Armour
 b - a +0 robe (worn)
Jewellery
 I - a ring of protection from cold (left hand)
 O - an uncursed ring of fire
 U - a ring of protection from magic (right hand)
Wands
 w - a wand of teleportation (6/9) {@v3}
Scrolls
 g - 3 scrolls of identify {@r4}
 h - 2 scrolls of magic mapping {unknown}
 m - a scroll of fog {unknown}
 o - 2 scrolls of enchant armour {unknown}
 p - 4 scrolls of amnesia {unknown}
 q - a scroll of blinking {unknown}
 t - a scroll of remove curse {unknown}
 x - a scroll of enchant weapon {unknown}
 y - a scroll of teleportation {unknown}
Potions
 e - a potion of brilliance
 f - a potion of cancellation
 i - a potion of mutation {!q}
 k - a potion of cure mutation
 n - 2 potions of curing {@q2}
 r - a potion of ambrosia {unknown}
 v - a potion of haste {unknown}
Books
 A - a book of Air

   Spells                             Type                      Level
   a - Shock                          Conjuration/Air              1
   b - Swiftness                      Charms/Air                   2
   c - Repel Missiles                 Charms/Air                   2
   d - Static Discharge               Conjuration/Air              3
   e - Lightning Bolt                 Conjuration/Air              5
Comestibles
 c - 2 bread rations
 d - 5 meat rations
 j - 2 beef jerkies
 l - 10 fruits
 u - 2 chunks of flesh


   Skills:
 + Level 5.3 Fighting
 - Level 4.0 Dodging
 - Level 2.0 Stealth
 - Level 2.0 Spellcasting
 - Level 3.0 Conjurations
 - Level 4.0 Air Magic


You had 3 spell levels left.
You knew the following spells:

 Your Spells              Type           Power        Failure   Level  Hunger
a - Shock                 Conj/Air       ##..         4%          1    #......
b - Static Discharge      Conj/Air       ##......     14%         3    ###....
r - Repel Missiles        Chrm/Air       #.....       14%         2    ###....


Dungeon Overview and Level Annotations

Branches:
Dungeon (5/15)
 Temple: D:4-7

Altars:
Dithmenos

Annotations:
D:5 Menkaure


Innate Abilities, Weirdness & Mutations

You have a beak for a mouth.
You have claws for feet.
You can fly.


Message History

Menkaure is struck by lightning.
Menkaure is severely damaged.
The lightning grounds out.
Menkaure hits you!
Menkaure calls on the powers of darkness!
Your body is wracked with pain!
* * * LOW HITPOINT WARNING * * *
Menkaure calls on the powers of darkness!
Your body is wracked with pain!
* * * LOW HITPOINT WARNING * * *
Menkaure casts a spell at you. Pain shoots through your body!
* * * LOW HITPOINT WARNING * * *
There is a stone staircase leading down here.
Menkaure calls on the powers of darkness!
Your body is wracked with pain!
* * * LOW HITPOINT WARNING * * *
You are feeling hungry.
Menkaure points at you and mumbles some strange words.
Pain shoots through your body!
You die...

###########
#..<.<.....
#..........
#.######...
#######.# .
#.@.....#
#.#####.#
#.# ....
#.# ..###
#># #..#
#M# #...
#.# ##.# .#
#.# .. ..
#.# .###


You could see Menkaure.

Vanquished Creatures
  A phantom (D:4)
  A scorpion (D:4)
  A jelly (D:4)
  An orc priest (D:4)
  An orc wizard (D:4)
  A worker ant (D:4)
  A hound skeleton (D:5)
  7 adders
  An ooze (D:2)
  A dart slug (D:1)
  A giant gecko (D:1)
  7 orcs (D:4)
  2 giant cockroaches
  6 goblins
  5 hobgoblins
  A quokka (D:2)
  3 ball pythons
  A ball python skeleton (D:4)
  8 bats
  6 giant newts
  3 kobolds
  A quokka skeleton (D:4)
  5 rats
65 creatures vanquished.

Notes
Turn   | Place    | Note
-------+----------+-------------------------------------------
     0 | D:1      | Lasiace the Tengu Air Elementalist began the quest for the Orb.
     0 | D:1      | Reached XP level 1. HP: 10/10 MP: 4/4
   326 | D:1      | Reached XP level 2. HP: 15/15 MP: 4/6
   804 | D:1      | Learned a level 2 spell: Repel Missiles
  1369 | D:1      | Reached XP level 3. HP: 15/19 MP: 3/7
  1696 | D:2      | Found a shadowy altar of Dithmenos.
  1707 | D:2      | Reached XP level 4. HP: 24/24 MP: 0/8
  1990 | D:2      | Reached skill level 1 in Fighting
  2301 | D:2      | Learned a level 3 spell: Static Discharge
  2731 | D:3      | Reached skill level 2 in Fighting
  2988 | D:4      | Gained mutation: You can fly. [Tengu growth]
  2988 | D:4      | Reached XP level 5. HP: 27/31 MP: 5/9
  3038 | D:4      | Reached skill level 3 in Fighting
  3093 | D:4      | Noticed a phantom
  3115 | D:4      | Killed a phantom
  3115 | D:4      | Reached skill level 4 in Fighting
  3115 | D:4      | Reached XP level 6. HP: 33/39 MP: 2/10
  3474 | D:4      | Reached skill level 5 in Fighting
  3612 | D:5      | Entered Level 5 of the Dungeon
  3656 | D:5      | Noticed Menkaure
  3685 | D:5      | Killed from afar by Menkaure

Vault maps used:
D:1:      dpeg_arrival_arbitrary_a
D:2:      dk_noncrumbling_3, grunt_dithmenos_smoke
D:4:      first_bread
D:5:      nicolae_ru_sacrificial_ziggurat, uniq_menkaure, uniq_prince_ribbit1

Skill      XL: |  1  2  3  4  5  6 |
---------------+-------------------+-----
Conjurations   | 2 3 |  3.0
Dodging        | 3 4 |  4.0
Fighting       | 2 4 5 |  5.3
Stealth        | |  2.0
Spellcasting   | |  2.0
Air Magic      | |  4.0

Action                   |  1- 3 |  4- 6 || total
-------------------------+-------+-------++-------
Melee: Dagger            |    10 |    25 ||    35
       Kick              |     1 |     6 ||     7
       Peck              |       |     2 ||     2
 Cast: Shock             |    47 |    87 ||   134
       Repel Missiles    |     1 |       ||     1
       Static Discharge  |       |     2 ||     2
 Abil: Fly               |       |     1 ||     1
  Use: Scroll            |       |     5 ||     5
 Stab: Sleeping          |     1 |     1 ||     2
  Eat: Chunk             |     3 |     8 ||    11
Armor: Robe              |     8 |     9 ||    17
Dodge: Dodged            |    15 |    45 ||    60
       Deflected         |       |     2 ||     2
